 Dungeon Crawl Stone Soup version 0.24.0-13-gcf9b319 (webtiles) character file.

Game seed: 4784785469073194567, levelgen mode: deterministic

168 Fortress the Insei (level 5, -13/35 HPs)
             Began as an Octopode Transmuter on Jan 7, 2020.
             Mangled by Crazy Yiuf
             ... wielding a +3 quarterstaff of chaos
              (20 damage)
             ... on level 3 of the Dungeon.
             The game lasted 00:08:49 (3237 turns).

Fortress the Insei (Octopode Transmuter)            Turns: 3237, Time: 00:08:52

Health: -13/35     AC:  1    Str: 12    XL:     5   Next: 48%
Magic:  8/8        EV: 13    Int: 16    God:
Gold:   139        SH:  0    Dex: 13    Spells: 7/8 levels left

rFire    . . .     SeeInvis .     - Unarmed
rCold    . . .     Gourm    .   (no shield)
rNeg     . . .     Faith    .   (helmet restricted)
rPois    .         Spirit   .   k - amulet of magic regeneration
rElec    .         Reflect  .   i - +3 ring of strength
rCorr    .         Harm     .   (no ring)
MR       .....                  (no ring)
Stlth    +++.......             (no ring)
HPRegen  0.11/turn              (no ring)
MPRegen  0.36/turn              (no ring)
                                (no ring)
                                (no ring)

@: appendage
A: almost no armour, stealthy swim, amphibious, 8 rings, constrict 8, tentacle
spike 3, camouflage 1, gelatinous body 1
a: End Transformation


You were on level 3 of the Dungeon.
You were not hungry.
One of your tentacles had a temporary spike.
You visited 1 branch of the dungeon, and saw 3 of its levels.

You collected 139 gold pieces.

Inventory:

Hand Weapons
 d - a +2 dagger of freezing
Missiles
 a - 21 arrows
Jewellery
 i - a +3 ring of strength (left tentacle)
 k - an amulet of magic regeneration (around mantle)
Scrolls
 f - a scroll of remove curse
 g - a scroll of enchant armour
 l - a scroll of identify
Potions
 b - a potion of brilliance {unknown}
 e - 3 potions of curing
 h - 3 potions of heal wounds
 j - a potion of mutation {unknown}
Comestibles
 c - 9 rations


   Skills:
 * Level 2.5 Fighting
 - Level 2.0 Dodging
 + Level 3.9 Stealth
 + Level 4.5 Unarmed Combat
 - Level 2.0 Spellcasting
 - Level 2.0 Transmutations


You had 7 spell levels left.
You knew the following spells:

 Your Spells              Type           Power        Failure   Level  Hunger
a - Beastly Appendage     Tmut           #.....       9%          1    #......

Your spell library contained the following spells:

 Spells                   Type           Power        Failure   Level  Hunger
 Sticks to Snakes         Tmut           #.......     14%         2    ###....
 Spider Form              Tmut/Pois      #.........   38%         3    ###....
 Ice Form                 Ice/Tmut       #.......     80%         4    #####..
 Blade Hands              Tmut           #.........   94%         5    ######.


Dungeon Overview and Level Annotations

Branches:
Dungeon (3/15)

Altars:
Ashenzari

Annotations:
D:3 Crazy Yiuf


Innate Abilities, Weirdness & Mutations

You cannot wear most types of armour.
You are very stealthy in the water. (Stealth+)
You are amphibious.
You can wear up to eight rings at the same time.
You can use your tentacles to constrict eight enemies at once.
Your skin changes colour to match your surroundings (Stealth+).
Your rubbery body absorbs attacks. (AC +1, EV +1)
One of your tentacles bears a large vicious spike.


Message History

Crazy Yiuf cries, "You leg down broken song, no?"
You open the door.
Casting: Beastly Appendage (safe; 9% risk of failure)
Confirm with . or Enter, or press ? or * to list all spells.
One of your tentacles grows a vicious spike.
You tentacle-slap Crazy Yiuf. You grab Crazy Yiuf.
You pierce Crazy Yiuf.
Crazy Yiuf is moderately wounded.
You constrict Crazy Yiuf.
You tentacle-slap Crazy Yiuf but do no damage.
Crazy Yiuf is moderately wounded.
You constrict Crazy Yiuf.
Crazy Yiuf hits you with a +3 quarterstaff of chaos!
You tentacle-slap Crazy Yiuf.
Crazy Yiuf is severely wounded.
You constrict Crazy Yiuf, but do no damage.
Crazy Yiuf hits you with a +3 quarterstaff of chaos!
* * * LOW HITPOINT WARNING * * *
You are electrocuted!!
Ouch! That really hurt!
You die...

.#.#######
#<......###...#.##.
.....†...##
####..#####.###.##.
##.#####..#
#........# #.##.
...########
############.##.
........# #......##.
###.....# #########.
........##♣♣ ### #.
###........♣♣
♣♣#..)# #.
#.........♣♣♣♣@g...#
#.
#..........♣..♣#...#
#. #.........♣.♣♣♣
### #########.
########♣♣♣♣♣
#......... #####
########## ....#
####### ....#
........... ....#
........... ....#
.........


You could see Crazy Yiuf.

Vanquished Creatures
  A crimson imp (D:2)
  7 adders
  2 worms
  2 dart slugs (D:1)
  An orc (D:3)
  4 giant cockroaches
  6 goblins
  3 hobgoblins
  4 jackals (D:3)
  2 quokkas (D:2)
  2 ball pythons
  10 bats
  6 frilled lizards
  7 kobolds
  4 rats
61 creatures vanquished.

Notes
Turn   | Place    | Note
-------+----------+-------------------------------------------
     0 | D:1      | Fortress the Octopode Transmuter began the quest for the
                  | Orb.
     0 | D:1      | Reached XP level 1. HP: 13/13 MP: 3/3
   139 | D:1      | Reached XP level 2. HP: 13/18 MP: 5/5
   226 | D:1      | Found a shattered altar of Ashenzari.
   957 | D:2      | Reached skill level 1 in Stealth
   957 | D:2      | Reached XP level 3. HP: 20/24 MP: 4/6
  1381 | D:2      | Reached skill level 4 in Unarmed Combat
  1596 | D:2      | Reached XP level 4. HP: 26/29 MP: 7/7
  2008 | D:2      | Reached XP level 5. HP: 16/35 MP: 6/8
  3229 | D:3      | Found a runed translucent door.
  3230 | D:3      | Noticed Crazy Yiuf
  3237 | D:3      | Mangled by Crazy Yiuf

Levels and vault maps discovered:
D:1:      shiori_shiawase, layout_basic, evilmike_ruin_ashenzari
D:2:      layout_basic, first_ration
D:3:      layout_basic, uniq_crazy_yiuf_cottage

Skill      XL: |  1  2  3  4 |
---------------+-------------+-----
Stealth        | 1 2 3 |  3.9
Fighting       | 2 |  2.5
Unarmed Combat | 4 |  4.5
Dodging        | |  2.0
Spellcasting   | |  2.0
Transmutations | |  2.0

Action                   |  1- 3 |  4- 6 || total
-------------------------+-------+-------++-------
Melee: Unarmed           |    68 |    75 ||   143
       Constrict         |    17 |    19 ||    36
       Tentacles         |    13 |     6 ||    19
       Kick              |     2 |     6 ||     8
       Punch             |     2 |     1 ||     3
 Cast: Beastly Appendage |     2 |     5 ||     7
  Use: Scroll            |       |     6 ||     6
 Stab: Sleeping          |    14 |     7 ||    21
  Eat: Chunk             |     2 |     3 ||     5
       Ration            |       |     1 ||     1
Armor: Skin              |     5 |     5 ||    10
Dodge: Dodged            |    35 |    46 ||    81
